 Dungeon Crawl Stone Soup version 0.27.1-33-g824d729ab1 (webtiles) character file.

Game seed: 9288029157554786866

85768 Johnson the Geomancer (level 15, -8/95 HPs)
             Began as a Gargoyle Earth Elementalist on Nov 20, 2021.
             Was a High Priest of Vehumet.
             Mangled by a boulder beetle (26 damage)
             ... on level 13 of the Dungeon on Nov 27, 2021.
             The game lasted 03:25:45 (33018 turns).

Johnson the Geomancer (GrEE)                       Turns: 33018, Time: 03:25:46

Health: -8/95      AC: 28    Str: 10    XL:     15   Next: 85%
Magic:  3/29       EV: 14    Int: 22    God:    Vehumet [*****.]
Gold:   1451       SH:  5    Dex: 10    Spells: 10/35 levels left

rFire    + . .     SeeInvis .   o - +2 short sword (elec)
rCold    . . .     Faith    .   U - +1 buckler
rNeg     + . .     Spirit   .   L - +0 acid dragon scales
rPois    ∞         Reflect  .   q - +1 helmet
rElec    +         Harm     .   I - +2 cloak {Will+}
rCorr    +         Rampage  .   (no gloves)
Will     +++..                  l - +2 pair of boots
Stlth    +.........             (no amulet)
HPRegen  0.25/turn              i - ring of wizardry
MPRegen  0.21/turn              u - ring of willpower

@: about to teleport, flying
A: sickness immunity, AC +11, big wings, negative energy resistance 1,
electricity resistance, torment resistance 1, petrification resistance, fire
resistance 1, weak 1, wild magic 1
a: Renounce Religion


You were on level 13 of the Dungeon.
You worshipped Vehumet.
Vehumet was extremely pleased with you.
You visited 3 branches of the dungeon, and saw 20 of its levels.
You also visited: Ice Cave.

You collected 1451 gold pieces.

Inventory:

Hand Weapons
 o - a +2 short sword of electrocution (weapon)
 z - the +0 great mace "Dojaony" {vamp, Str+5}
   (You took it off an ogre on level 3 of the Dungeon)

   It occasionally heals its wielder for a portion of the damage dealt when it
   wounds a living foe.
   Str:       It affects your strength (+5).
 N - a +2 spear of venom
Missiles
 r - 15 stones
 B - 4 curare-tipped darts (quivered)
 M - 47 poisoned darts
Armour
 l - a +2 pair of boots (worn)
 q - a +1 helmet (worn)
 y - a +2 robe of willpower
 I - a +2 cloak of willpower (worn)
 L - +0 acid dragon scales (worn)
 R - a +2 robe of positive energy
 U - a +1 buckler (worn)
Jewellery
 i - a ring of wizardry (left hand)
 u - a ring of willpower (right hand)
 C - a ring of see invisible
 G - a ring of willpower
 V - a ring of fire
 W - a +6 ring of dexterity
 Y - a +6 ring of strength
Wands
 t - a wand of digging (9)
 D - a wand of polymorph (20)
 S - a wand of acid (19)
 T - a wand of flame (34)
 X - a wand of iceblast (34)
Scrolls
 b - a scroll of brand weapon
 e - a scroll of amnesia
 g - 2 scrolls of fear
 h - 5 scrolls of identify
 m - 3 scrolls of torment
 p - 3 scrolls of fog
 x - 3 scrolls of teleportation
 F - 2 scrolls of enchant armour
 H - 2 scrolls of immolation
 K - 2 scrolls of magic mapping
 Z - 4 scrolls of enchant weapon
Potions
 a - 2 potions of cancellation
 c - 2 potions of brilliance
 d - 2 potions of mutation
 f - 12 potions of curing
 j - 11 potions of heal wounds
 k - 3 potions of haste
 n - a potion of berserk rage
 s - 2 potions of attraction
 v - 4 potions of resistance
 A - 3 potions of might
 E - a potion of lignification
 J - 3 potions of degeneration
 P - 2 potions of invisibility
Miscellaneous
 Q - a phial of floods


   Skills:
 + Level 11.5 Fighting
 + Level 9.3 Armour
 + Level 9.1 Dodging
 - Level 2.1 Stealth
 - Level 4.0 Shields
 + Level 10.9 Spellcasting
 + Level 11.8 Conjurations
 - Level 0.7 Transmutations
 - Level 7.1 Fire Magic
 + Level 14.8 Earth Magic
 - Level 4.0 Evocations


You had 10 spell levels left.
You knew the following spells:

 Your Spells              Type           Power      Damage    Failure   Level
a - Sandblast             Erth           100%       2d20      1%          1
b - Stone Arrow           Conj/Erth      100%       3d13      1%          3
c - Petrify               Tmut/Erth      57%        N/A       2%          4
d - Sticky Flame          Conj/Fire      63%        2d8       1%          4
e - Blink                 Tloc           N/A        N/A       7%          2
f - Lee's Rapid Deconstr  Erth           39%        3d20*     1%          5
g - Iron Shot             Conj/Erth      37%        9d7       1%          6

Your spell library contained the following spells:

 Spells                   Type           Power      Damage    Failure   Level
 Hailstorm                Conj/Ice       49%        3d11      1%          4
 Magic Dart               Conj           100%       1d8       1%          1
 Passwall                 Tmut/Erth      47%        N/A       1%          2
 Searing Ray              Conj           100%       3d7       1%          2
 Static Discharge         Conj/Air       49%        N/A       1%          2
 Dazzling Flash           Conj/Hex       98%        N/A       1%          3
 Fulminant Prism          Conj/Hex       24%        3d13      1%          4
 Animate Armour           Summ/Erth      100%       N/A       2%          4
 Leda's Liquefaction      Hex/Erth       27%        N/A       2%          4
 Irradiate                Conj/Tmut      25%        3d22      3%          5
 Wereblood                Tmut           19%        N/A       5%          2
 Ensorcelled Hibernation  Hex/Ice        30%        N/A       7%          2
 Spider Form              Tmut/Pois      8%         N/A       12%         3
 Call Canine Familiar     Summ           15%        N/A       13%         3
 Lesser Beckoning         Tloc           7%         N/A       13%         3
 Ozocubu's Armour         Ice            15%        N/A       13%         3
 Portal Projectile        Hex/Tloc       30%        N/A       13%         3
 Tukima's Dance           Hex            15%        N/A       13%         3
 Yara's Violent Unravell  Hex/Tmut       8%         3d5       22%         5
 Lehudib's Crystal Spear  Conj/Erth      37%        10d9      26%         8
 Dispel Undead            Necr           15%        3d10      38%         4
 Passage of Golubria      Tloc           N/A        N/A       38%         4
 Agony                    Necr           15%        N/A       69%         5
 Manifold Assault         Tloc           15%        N/A       69%         5
 Metabolic Englaciation   Hex/Ice        7%         N/A       69%         5
 Silence                  Hex/Air        7%         N/A       69%         5
 Shadow Creatures         Summ           N/A        N/A       99%         6
 Simulacrum               Ice/Necr       7%         N/A       99%         6
 Summon Hydra             Summ           7%         N/A       100%        7
 Sublimation of Blood     Necr           Unusable   N/A       N/A         2

Dungeon Overview and Level Annotations

Branches:
Dungeon (13/15)            Temple (1/1) D:5            Lair (6/6) D:8
 Shoals (0/4) Lair:3       Spider (0/4) Lair:3        Slime (0/5) Lair:6
    Orc (0/2) D:12          IceCv (visited)
 Vaults: D:13-14

Altars:
Cheibriados
Dithmenos
Elyvilon
Fedhas
Gozag
Kikubaaqudgha
Makhleb
Nemelex Xobeh
Okawaru
Vehumet
Xom
Yredelemnul
The Shining One
Beogh

Portals:
Abyss: D:6

Annotations:
D:12 1 runed translucent door, Vyran's ghost, journeyman MiFi
D:13 1 runed translucent door
Lair:1 2 transporters
Lair:3 1 runed translucent door, Huasawuy's ghost, journeyman TrWz
Lair:6 3 runed translucent doors, NoKap's ghost, journeyman OpTm


Innate Abilities, Weirdness & Mutations

You are immune to sickness and miasma.
Your stone body is resilient. (AC +11)
You are immune to poison.
Your large and strong wings let you fly.
You resist negative energy. (rN+)
You are resistant to electric shocks. (rElec)
You are resistant to unholy torment.
You are immune to petrification.
Your flesh is heat resistant. (rF+)
You are weak. (Str -2)
Your spells are a little harder to cast, but a little more powerful.


Message History

The blast of sand hits the boulder beetle but does no damage.
The boulder beetle is almost dead.
r - 15 stones The boulder beetle bites you but does no damage.
The boulder beetle leaps!
The boulder beetle curls into a ball and begins rolling!
An eight-headed hydra comes into view.
A meliai comes into view.
It is wielding a +0 hand axe and carrying a wand of iceblast (8).
The meliai zaps a wand.
The mass of ice explodes!
The iceblast engulfs you.
Okay, then.
Casting: Sandblast (safe; 1% risk of failure)
Confirm with . or Enter, or press ? or * to list all spells.
You blink.
The eight-headed hydra misses you.
The eight-headed hydra closely misses you.
The eight-headed hydra bites you but does no damage.
The eight-headed hydra bites you!
The eight-headed hydra bites you but does no damage.
You block the eight-headed hydra's attack.
The eight-headed hydra barely misses you.
The eight-headed hydra bites you. The meliai hits you with a +0 hand axe.
The meliai stings you but does no damage.
The meliai zaps a wand.
The mass of ice explodes!
The iceblast engulfs you!
The meliai mumbles some strange prayers to its god against you.
Something smites you!
Unknown command.
Blink to where?
Press: ? - help, Dir - move target, p - boulder beetle
As you read the scroll of blinking, it crumbles to dust.
The boulder beetle stops rolling and uncurls.
The meliai invokes the aid of its god against you.
Something smites you!
The boulder beetle curls into a ball and begins rolling!
As you read the scroll of teleportation, it crumbles to dust.
You feel strangely unstable.
The meliai mumbles some strange prayers to its god against you.
Something smites you!
* * * LOW HITPOINT WARNING * * *
The boulder beetle hits you!!
You die...

###..............###.......#
♣♣. # #..............#
#..###### *## #
#.........###..# #..#**,**
**,* # #.........# #..#
#..#*,≈,***,*, # #.........#
#..# #..#,≈≈≈,*,,*, #
#.........# #..#
#..#*,≈,**,*** # #.........#
#..# #..#**,***,,*,
###.........#
#..###..#*,*,***,*,
............#
#.@.....#,≈≈≈,*,,*,
............#
#.B.##.##,≈≈≈,,,*⌠*
............#
#.○.##.#*,≈≈≈,*,,*,
####........#
#.y.##.#**,*,***,*, #
#........# #.°.##.# **,***,,*,
#
#........###...##.#**,≈,**,***
#
#.#####......D.##.#*,≈≈≈,*,,*,
# #.# #........##.#**,≈,***,*,
# #.# #........##.# **,** **,*


You could see a boulder beetle (rolling), an eight-headed hydra and a meliai.

Vanquished Creatures
  Kirke (Lair:4)
  A frost giant (IceCv)
  Azrael (D:13)
  A dire elephant (Lair:6)
  A fire dragon (D:13)
  8 boulder beetles
  8 hydras
  3 centaur warriors (D:13)
  A catoblepas (Lair:5)
  10 two-headed ogres
  A deep troll shaman (Lair:6)
  A hell hog (D:6)
  19 death yaks
  An orc knight (D:12)
  Pikel (D:5)
  2 ugly things
  5 cyclopes
  3 manticores
  An ice statue (IceCv)
  14 elephants
  Maurice (D:8)
  The ghost of bobkasz2 the Chopper, a novice HOFi (D:6)
  3 black mambas
  2 gargoyles (D:13)
  2 cane toads
  6 komodo dragons
  Maggie (D:9)
  13 rime drakes
  2 torpor snails
  A komodo dragon (shapeshifter) (D:13)
  An ancient zyme (D:6)
  7 trolls
  6 polar bears
  2 merfolk (Lair:3)
  6 dream sheep
  4 blink frogs (Lair:6)
  2 small abominations (D:6)
  Sigmund (D:3)
  3 shadows
  2 vampires
  3 hogs
  3 steam dragons
  2 basilisks
  4 fire bats (D:12)
  A wyvern (Lair:2)
  A fire elemental (D:12)
  7 vampire mosquitoes
  73 yaks
  Menkaure (D:5)
  A swamp worm (shapeshifter) (D:13)
  Edmund (D:5)
  2 acid dragons
  16 water moccasins
  Duvessa (D:4)
  6 hell hounds
  3 orc warriors
  A sky beast (D:5)
  3 ice beasts
  A necrophage (D:5)
  The ghost of makewrite the Slasher, an amateur MiMo (D:3)
  A black bear (D:8)
  2 ogres (D:3)
  15 wolves
  A lemure (D:5)
  7 centaurs
  2 kobold brigands (D:9)
  A phantom (D:6)
  Blork the orc (D:5)
  13 bullfrogs
  A wyvern zombie (D:8)
  3 gnoll sergeants
  Dowan (D:4)
  5 killer bees
  3 howler monkeys
  11 electric eels
  2 lava snakes (D:12)
  A crimson imp (D:6)
  7 centaur zombies
  3 jellies
  2 hounds
  A bullfrog skeleton (D:7)
  10 orc priests
  A centaur skeleton (D:5)
  An iron imp (D:6)
  3 iguanas
  11 orc wizards
  A killer bee zombie (D:5)
  A hound skeleton (D:5)
  A howler monkey zombie (D:5)
  7 gnolls
  6 adders
  A white imp (D:5)
  2 ufetubi
  An adder skeleton (D:4)
  2 dart slugs
  42 orcs
  7 ball pythons
  7 endoplasms
  4 giant cockroaches
  9 hobgoblins
  A quokka (D:4)
  2 bats
  2 frilled lizards
  6 goblins
  19 kobolds
  4 rats (D:1)
  3 fire vortices (D:12)
517 creatures vanquished.

Vanquished Creatures (collateral kills)
  A polar bear (IceCv)
  A yak (IceCv)
2 creatures vanquished.

Vanquished Creatures (others)
  A golden eye (shapeshifter) (D:13)
  A butterfly (Lair:6)
  44 fungi
  63 plants
109 creatures vanquished.

Grand Total: 628 creatures vanquished

Notes
Turn   | Place    | Note
-------+----------+-------------------------------------------
     0 | D:1      | Johnson the Gargoyle Earth Elementalist began the quest for
                  | the Orb.
     0 | D:1      | Reached XP level 1. HP: 10/10 MP: 3/3
   431 | D:1      | Reached skill level 4 in Earth Magic
   431 | D:1      | Reached XP level 2. HP: 16/16 MP: 3/5
  1238 | D:1      | Reached skill level 1 in Fighting
  1444 | D:1      | Reached XP level 3. HP: 13/20 MP: 0/6
  1642 | D:2      | Found a faded altar of an unknown god.
  1649 | D:2      | Reached XP level 4. HP: 25/25 MP: 4/7
  1827 | D:2      | Reached skill level 5 in Earth Magic
  2138 | D:3      | Found a transporter.
  2178 | D:3      | Noticed makewrite's ghost (amateur MiMo)
  2180 | D:3      | Found a transporter.
  2181 | D:3      | Identified the +0 great mace "Dojaony" {vamp, Str+5}
  2181 | D:3      | Noticed an ogre
  2183 | D:3      | Noticed an ogre
  2624 | D:3      | Noticed Sigmund
  2979 | D:3      | Reached XP level 5. HP: 30/30 MP: 7/9
  3292 | D:4      | Reached skill level 6 in Earth Magic
  3299 | D:4      | Reached XP level 6. HP: 34/36 MP: 0/10
  3473 | D:4      | Learned a level 3 spell: Stone Arrow
  3659 | D:4      | Noticed Duvessa
  3700 | D:4      | Noticed Dowan
  3710 | D:4      | Killed Dowan
  4103 | D:4      | Killed Duvessa
  4315 | D:4      | Reached skill level 7 in Earth Magic
  4315 | D:4      | Reached XP level 7. HP: 41/41 MP: 10/12
  4616 | D:5      | Entered Level 5 of the Dungeon
  4940 | D:5      | Noticed Pikel
  4950 | D:5      | Killed Pikel
  4951 | D:5      | Reached skill level 8 in Earth Magic
  4951 | D:5      | Reached XP level 8. HP: 46/48 MP: 1/14
  4956 | D:5      | Learned a level 4 spell: Petrify
  5145 | D:5      | Noticed Blork the orc
  5155 | D:5      | Killed Blork the orc
  5235 | D:5      | Reached skill level 5 in Fighting
  5235 | D:5      | Reached skill level 9 in Earth Magic
  5305 | D:5      | Found a staircase to the Ecumenical Temple.
  5326 | D:5      | Reached skill level 5 in Spellcasting
  5409 | Temple   | Entered the Ecumenical Temple
  5503 | Temple   | Became a worshipper of Vehumet
  5875 | D:5      | Noticed Menkaure
  5877 | D:5      | Reached skill level 10 in Earth Magic
  5878 | D:5      | Killed Menkaure
  5879 | D:5      | Reached XP level 9. HP: 55/55 MP: 7/17
  5961 | D:5      | Noticed Edmund
  5982 | D:5      | Killed Edmund
  6304 | D:3      | Killed Sigmund
  6892 | D:6      | Found a snail-covered altar of Cheibriados.
  6955 | D:6      | Noticed a hell hog
  6959 | D:6      | Noticed bobkasz2's ghost (novice HOFi)
  6975 | D:5      | Reached skill level 1 in Conjurations
  7091 | D:6      | Found a transporter.
  7099 | D:6      | Noticed an ancient zyme
  7100 | D:6      | Found a one-way gate to the infinite horrors of the Abyss.
  7102 | D:6      | Found a transporter.
  7253 | D:6      | Noticed a boulder beetle
  7471 | D:7      | Reached skill level 11 in Earth Magic
  7553 | D:7      | Reached * piety under Vehumet
  7553 | D:7      | Offered knowledge of Shock by Vehumet.
  7644 | D:7      | Noticed a two-headed ogre
  7771 | D:3      | Killed makewrite's ghost
  7772 | D:3      | Reached skill level 1 in Armour
  8423 | D:7      | Killed a two-headed ogre
  8424 | D:7      | Reached XP level 10. HP: 62/63 MP: 8/19
  9044 | D:8      | Found a staircase to the Lair.
  9102 | D:8      | Noticed Maurice
  9114 | D:8      | Killed Maurice
 10385 | D:9      | Noticed Maggie
 10392 | D:9      | Killed Maggie
 11019 | D:9      | Reached skill level 1 in Fire Magic
 11103 | D:9      | Reached ** piety under Vehumet
 11103 | D:9      | Offered knowledge of Poisonous Vapours by Vehumet.
 11145 | D:10     | Entered Level 10 of the Dungeon
 11485 | D:10     | Reached skill level 5 in Conjurations
 11502 | D:9      | Reached XP level 11. HP: 68/68 MP: 12/21
 11558 | D:10     | Reached skill level 12 in Earth Magic
 12031 | Lair:1   | Entered Level 1 of the Lair of Beasts
 12116 | Lair:1   | Found a transporter.
 12120 | Lair:1   | Noticed a fire crab
 12200 | Lair:1   | Found a transporter.
 12464 | D:8      | Gained mutation: You are weak. (Str -2) [potion of
                  | mutation]
 12464 | D:8      | Gained mutation: Your spells are a little harder to cast,
                  | but a little more powerful. [potion of mutation]
 12464 | D:8      | Gained mutation: Your flesh is heat resistant. (rF+)
                  | [potion of mutation]
 13134 | D:6      | Killed a boulder beetle
 13531 | D:6      | Reached skill level 1 in Evocations
 13783 | D:6      | Killed a hell hog
 13799 | D:6      | Offered knowledge of Frozen Ramparts by Vehumet.
 13807 | D:6      | Killed bobkasz2's ghost
 13808 | D:6      | Reached skill level 5 in Armour
 14130 | Lair:2   | Reached skill level 1 in Shields
 14320 | Lair:1   | Reached *** piety under Vehumet
 14332 | Lair:1   | Learned a level 4 spell: Sticky Flame
 14437 | Lair:2   | Reached XP level 12. HP: 46/75 MP: 12/24
 14724 | Lair:2   | Noticed a seven-headed hydra
 14924 | Lair:2   | Offered knowledge of Olgreb's Toxic Radiance by Vehumet.
 15213 | Lair:2   | Reached skill level 5 in Dodging
 15403 | Lair:2   | Killed a seven-headed hydra
 15749 | Lair:2   | Reached skill level 5 in Fire Magic
 16235 | Lair:3   | Found a hole to the Spider Nest.
 16483 | Lair:2   | Reached **** piety under Vehumet
 16612 | Lair:3   | Noticed Huasawuy's ghost (journeyman TrWz)
 16629 | Lair:3   | Found a runed translucent door.
 17146 | Lair:3   | Noticed a six-headed hydra
 17152 | Lair:3   | Killed a six-headed hydra
 17153 | Lair:3   | Reached XP level 13. HP: 82/82 MP: 14/25
 17258 | Lair:3   | Learned a level 2 spell: Blink
 17365 | Lair:3   | Found a staircase to the Shoals.
 17377 | Lair:3   | Offered knowledge of Lee's Rapid Deconstruction by Vehumet.
 17384 | Lair:3   | Learned a level 5 spell: Lee's Rapid Deconstruction
 17481 | Lair:3   | Reached skill level 10 in Fighting
 20259 | Lair:5   | Noticed Kirke
 20473 | Lair:4   | Upgraded the game from 0.27.1-15-g792fb953b9 to
                  | 0.27.1-33-g824d729ab1
 20579 | Lair:5   | Noticed a sphinx
 20591 | Lair:5   | Paralysed by a sphinx for 2 turns
 20774 | Lair:4   | Killed Kirke
 21243 | Lair:6   | Entered Level 6 of the Lair of Beasts
 21243 | Lair:6   | Found a staircase to the Slime Pits.
 21551 | Lair:5   | Reached ***** piety under Vehumet
 21710 | Lair:6   | Offered knowledge of Iron Shot by Vehumet.
 21837 | Lair:5   | Reached skill level 13 in Earth Magic
 22065 | Lair:5   | Gained mutation: Your large and strong wings let you fly.
                  | [Gargoyle growth]
 22065 | Lair:5   | Reached XP level 14. HP: 81/88 MP: 12/27
 22171 | Lair:6   | Found a runed translucent gate.
 22172 | Lair:6   | Found a runed translucent gate.
 22173 | Lair:6   | Found a runed translucent gate.
 22173 | Lair:6   | Noticed NoKap's ghost (journeyman OpTm)
 22668 | Lair:5   | Reached skill level 10 in Conjurations
 23002 | Lair:6   | Learned a level 6 spell: Iron Shot
 24187 | Lair:6   | Noticed a dire elephant
 24857 | Lair:6   | Killed a dire elephant
 25732 | D:11     | Reached skill level 10 in Spellcasting
 26580 | D:12     | Offered knowledge of Hailstorm by Vehumet.
 26635 | D:11     | Reached skill level 14 in Earth Magic
 26842 | D:12     | Found a staircase to the Orcish Mines.
 27732 | D:12     | Found a runed translucent door.
 27737 | D:12     | Noticed Vyran's ghost (journeyman MiFi)
 27756 | D:12     | Reached XP level 15. HP: 93/93 MP: 23/29
 28565 | D:13     | Found a frozen archway.
 28588 | IceCv    | Entered an ice cave
 29128 | IceCv    | Noticed a frost giant
 29177 | IceCv    | Killed a frost giant
 31342 | D:13     | Noticed Azrael
 32718 | D:13     | Killed Azrael
 32767 | D:13     | Found a runed translucent door.
 33018 | D:13     | Mangled by a boulder beetle

Illustrated notes

Levels and vault maps discovered:
D:1:      tarquinn_simple_flora_water_e, layout_basic, kennysheep_small_spiral
D:2:      layout_rooms, basic_ecumenical_altar, eino_curves_01,
          grunt_ministairs_7
D:3:      layout_loops_ring, gammafunk_ghost_smash, kennysheep_generic_room_16,
          uniq_sigmund
D:4:      layout_loops_ring, uniq_duvessa
D:5:      layout_rooms, minmay_temple_entry_mini_moons, uniq_pikel,
          uniq_blork_the_orc, uniq_menkaure, uniq_edmund
D:6:      cheibrodos_two_vegetables, layout_basic, lemuel_doored_altar,
          gammafunk_ghost_abyssal_escape
D:7:      layout_cave_pools, kennysheep_generic_room_4
D:8:      cheibrodos_steamvent, layout_basic, lair_entry_dummy,
          minmay_stone_trees_medium, hangedman_glass_teeth, uniq_maurice
D:9:      layout_cave_pools, grunt_tough_drop, uniq_maggie
D:10:     layout_rooms
D:11:     layout_cave_pools, hangedman_corner_corridor
D:12:     layout_basic, david_orc_5, ebering_ghost_reflecting_pool,
          serial_glass, glass_columns_a, glass_columns_b, glass_columns_c,
          glass_columns_c, glass_columns_b, glass_columns_a, glass_columns_b,
          glass_columns_b, item_on_display_a, minmay_strange_pillars,
          minmay_strange_pillars, hangedman_incinerator
D:13:     nzn_winding_woodlands_stair_cross
          [nzn_winding_woodlands_5x15_sawtooth,
          nzn_winding_woodlands_center_lodge, nzn_winding_woodlands_5x15_jagged,
          nzn_winding_woodlands_5x5_perimeter,
          nzn_winding_woodlands_5x5_default, nzn_winding_woodlands_5x15_twine,
          nzn_winding_woodlands_center_triple_pond,
          nzn_winding_woodlands_5x15_parted], layout_long_grid,
          portal_ice_cave_rime, minmay_misc_feat_square,
          kennysheep_treasure_room, uniq_azrael
Temple:   kilobyte_greek_temple
Lair:1:   gammafunk_cloud_chamber, layout_chaotic_city
Lair:2:   layout_loops_ring
Lair:3:   layout_hall_layers, elwin_shoals_entry_rooms, dummy_spider_entry,
          hellmonk_ghost_happy_afterlife, columned_hall_lemuel
Lair:4:   layout_loops_ring
Lair:5:   layout_gridlike, chequers_serial_rivers_small_a, uniq_kirke
Lair:6:   grunt_lair_end_beastmaster, layout_regular_city,
          nicolae_slime_entry_slimehenge, gammafunk_ghost_split,
          serial_bayou_lake_a, lemuel_fruit_fields

Skill      XL: |  1  2  3  4  5  6  7  8  9 10 11 12 13 14 15 |
---------------+----------------------------------------------+-----
Earth Magic    | 4 5 6 7 8 10 11 12 13 14 | 14.8
Fighting       | 1 2 3 4 5 7 8 9 10 11 | 11.5
Spellcasting   | 3 4 5 6 7 8 9 10 | 10.9
Conjurations   | 3 5 6 8 9 11 | 11.8
Armour         | 2 3 5 6 8 9 |  9.3
Dodging        | 2 4 5 7 8 9 |  9.1
Fire Magic     | 1 4 5 7 |  7.1
Evocations     | 2 4 |  4.0
Shields        | 3 4 |  4.0
Stealth        | |  2.1
Transmutations | |  0.7

Action                   |  1- 3 |  4- 6 |  7- 9 | 10-12 | 13-15 || total
-------------------------+-------+-------+-------+-------+-------++-------
Melee: Club              |    30 |       |       |       |       ||    30
       Dagger            |    23 |    24 |       |       |       ||    47
       Short sword       |       |    22 |    12 |    14 |    94 ||   142
       Unarmed           |       |       |       |       |     1 ||     1
Throw: Dart              |       |       |     1 |    11 |     1 ||    13
 Cast: Sandblast         |    23 |    55 |    92 |   285 |   147 ||   602
       Stone Arrow       |       |     7 |    28 |   113 |   275 ||   423
       Petrify           |       |       |     6 |    18 |    11 ||    35
       Sticky Flame      |       |       |       |    29 |    19 ||    48
       Lee's Rapid Decon |       |       |       |       |    97 ||    97
       Blink             |       |       |       |       |     8 ||     8
       Iron Shot         |       |       |       |       |   107 ||   107
Evoke: Wand              |       |       |     6 |     2 |     4 ||    12
  Use: Potion            |     2 |       |     1 |     2 |     1 ||     6
       Scroll            |     1 |     7 |     5 |    10 |    15 ||    38
 Stab: Sleeping          |     2 |     2 |       |       |       ||     4
Armor: Robe              |    23 |    19 |    24 |     1 |       ||    67
       Acid dragon scale |       |       |       |   128 |   271 ||   399
       Steam dragon scal |       |       |       |     9 |       ||     9
       Skin              |       |       |       |     2 |       ||     2
Dodge: Dodged            |    44 |    29 |    29 |   159 |   230 ||   491
Block: Buckler           |       |       |       |    35 |   103 ||   138
